 Dungeon Crawl Stone Soup version 0.31-a0-799-g6bc09d010c (webtiles) character file.

Game seed: 16116965082552709218

1257 Bravepunisher the Ducker (level 8, -8/44 HPs)
             Began as a Spriggan Monk on Sept 19, 2023.
             Was a Priest of Okawaru.
             Killed by nerve-wracking pain
             ... invoked by an orc priest
              (13 damage)
             ... on level 7 of the Dungeon.
             The game lasted 00:17:28 (5390 turns).

Bravepunisher the Ducker (Spriggan Monk)            Turns: 5390, Time: 00:17:29

Health: -8/44      AC:  4    Str:  7    XL:     8   Next: 27%
Magic:  11/12      EV: 28    Int: 11    God:    Okawaru [***...]
Gold:   232        SH:  0    Dex: 20    Spells: 7/7 levels left

rFire   . . .        c - +3 long sword (freeze)
rCold   . . .        (no shield)
rNeg    . . .        b - +0 robe
rPois   +            (helmet restricted)
rElec   .            g - +1 cloak {rPois}
rCorr   .            (gloves unavailable)
SInv    +            (boots unavailable)
Will    +....        (no amulet)
Stlth   +++          (no ring)
HPRegen 0.27/turn    (no ring)
MPRegen 0.13/turn

%: no passive effects
@: heroic, very quick
A: very small, no large weapons, unfitting armour, see invisible, speed 3
a: Renounce Religion, Heroism


You were on level 7 of the Dungeon.
You worshipped Okawaru.
Okawaru was most pleased with you.
You visited 2 branches of the dungeon, and saw 8 of its levels.

You collected 367 gold pieces.
You spent 135 gold pieces at shops.

Inventory:

Hand Weapons
 c - a +3 long sword of freezing (weapon)
 f - a +2 short sword of venom
Missiles
 j - a throwing net
Armour
 b - a +0 robe (worn)
 d - an orb of light
 g - a +1 cloak of poison resistance (worn)
 i - an orb of wrath
Wands
 h - a wand of digging (4)
 l - a wand of flame (13)
Scrolls
 k - 5 scrolls of identify
 m - a scroll of vulnerability
 o - a scroll of fear {unknown}
Potions
 a - a potion of attraction
 e - 2 potions of brilliance {unknown}
 n - 5 potions of curing {unknown}
 p - a potion of might {unknown}
 q - 2 potions of lignification {unknown}
 r - a potion of enlightenment {unknown}
 s - 3 potions of degeneration {unknown}
 t - a potion of magic {unknown}


   Skills:
 + Level 6.1(11.1) Fighting
 - Level 3.2(8.9) Short Blades
 * Level 2.3(7.8) Long Blades
 + Level 7.7(12.7) Dodging
 + Level 4.1 Invocations


You had 7 spell levels left.
You didn't know any spells.
Your spell library contained the following spells:

 Spells                   Type           Power      Damage    Failure   Level
 Apportation              Tloc           0%         N/A       34%         1
 Necrotise                Necr           0%         1d4       34%         1
 Dimensional Bullseye     Hex/Tloc       0%         N/A       98%         4
 Iskenderun's Mystic Bla  Conj/Tloc      0%         2d3       98%         4
 Summon Small Mammal      Summ           Unusable   N/A       N/A         1
 Tukima's Dance           Hex            Unusable   N/A       N/A         3

Dungeon Overview and Level Annotations

Branches:
Dungeon (7/15)             Temple (1/1) D:5

Altars:
Ashenzari
Cheibriados
Dithmenos
Elyvilon
Fedhas
Gozag
Hepliaklqana
Nemelex Xobeh
Okawaru
Qazlal
Ru
Sif Muna
Trog
Uskayaw
Vehumet
Wu Jian
Yredelemnul
Zin
The Shining One

Shops:
D:4 (   D:5 [[:[   D:7 =[

Annotations:
D:6 Jeremiah


Innate Abilities, Weirdness & Mutations

You are very small and have problems with some larger weapons.
You are too small for most types of armour.
You have supernaturally acute eyesight. (SInv)
You cover ground extremely quickly. (Speed+++)


Message History

You closely miss the orc warrior.
The orc warrior is lightly wounded.
The orc warrior misses you. The orc completely misses you.
You hit the orc warrior. You freeze the orc warrior.
The orc warrior is moderately wounded.
The orc warrior closely misses you. The orc closely misses you.
You hit the orc warrior. You freeze the orc warrior. You punch the orc warrior.
The orc warrior is heavily wounded.
The orc warrior closely misses you. The orc hits you but does no damage.
You hit the orc warrior but do no damage.
The orc warrior is heavily wounded.
The orc warrior closely misses you. The orc barely misses you.
You hit the orc warrior. You freeze the orc warrior.
The orc warrior is severely wounded.
The orc warrior hits you with a +0 trident!
The orc closely misses you.
You slash the orc warrior! You freeze the orc warrior.
You kill the orc warrior!
Okawaru accepts your kill. The orc closely misses you.
The orc completely misses you.
Things that are here:
a +0 trident; a +0 plate armour You slash the orc!
You freeze the orc.
You kill the orc!
Okawaru accepts your kill.
The orc priest mumbles some strange prayers to Beogh against you.
You resist with some effort. The orc priest misses you.
You see here a +0 trident.
You barely miss the orc priest.
The orc priest invokes the aid of Beogh against you.
Beogh smites you!
* * * LOW HITPOINT WARNING * * *
The orc priest misses you.
You hit the orc priest. You freeze the orc priest.
The orc priest is heavily wounded.
The orc priest calls down the wrath of Beogh upon you.
Pain shoots through your body!
You die...

#.# #. #######.## #. #
#........### #. #'
#.#........# #. ...
#.#.###..#.# #. ....
#.#.###..#.# #. .....
#.#∩.....#.# #.
......##)#...##.#.#####.
.....oo@.....^..........
......###....####.##.###
..... #..........##.#
.... #........#####.#
... ##......## #.# #'
##....## #.### # #.#.##
###.... #.### #...... #.
#.###.#


You could see 2 orc priests.

Vanquished Creatures
  A steam dragon (D:7)
  An orc warrior (D:7)
  A sky beast (D:7)
  A black bear (D:4)
  2 ice beasts (D:6)
  An ogre (D:5)
  A phantom (D:7)
  3 wights (D:6)
  An orc priest (D:5)
  A hound (D:5)
  3 iguanas
  2 sleepcaps
  A gnoll (D:1)
  4 adders
  An ufetubus (D:5)
  A worm (D:2)
  3 dart slugs
  17 orcs
  5 endoplasms
  4 giant cockroaches
  8 hobgoblins
  15 kobolds
  8 quokkas
  4 ball pythons
  4 bats
  3 frilled lizards
  8 goblins
  9 rats
113 creatures vanquished.

Notes
Turn   | Place    | Note
-------+----------+-------------------------------------------
     0 | D:1      | Bravepunisher the Spriggan Monk began the quest for the
                  | Orb.
     0 | D:1      | Reached XP level 1. HP: 11/11 MP: 2/2
   179 | D:3      | Reached XP level 2. HP: 16/16 MP: 3/3
   246 | D:5      | Entered Level 5 of the Dungeon
   364 | D:4      | Noticed a black bear
   478 | D:4      | Reached XP level 3. HP: 20/20 MP: 4/4
   529 | D:4      | Found Hioxtoilo's Weapon Boutique.
   585 | D:5      | Reached skill level 5 in Dodging
   585 | D:5      | Reached XP level 4. HP: 20/25 MP: 5/5
   609 | D:5      | Noticed an ogre
   614 | D:5      | Found Umiosi's Antique Armour Boutique.
   618 | D:5      | Found a staircase to the Ecumenical Temple.
   625 | Temple   | Entered the Ecumenical Temple
   637 | Temple   | Became a worshipper of Warmaster Okawaru
   637 | Temple   | Reached * piety under Okawaru
   637 | Temple   | Reached ** piety under Okawaru
  1235 | D:1      | Reached skill level 1 in Invocations
  1605 | D:2      | Reached XP level 5. HP: 29/29 MP: 6/6
  1723 | D:2      | Found a basalt altar of Yredelemnul.
  2396 | D:4      | Killed a black bear
  2480 | D:4      | Reached XP level 6. HP: 23/34 MP: 8/8
  3048 | D:5      | Reached skill level 6 in Dodging
  3183 | D:5      | Noticed an ice beast
  3336 | D:6      | Noticed Jeremiah
  3358 | D:5      | Found Fuapop's Armour Shoppe.
  3370 | D:5      | Reached skill level 5 in Fighting
  3378 | D:5      | Bought a +1 cloak of poison resistance for 135 gold pieces
  3554 | D:5      | Found Dostupoe's Book Shoppe.
  3713 | D:5      | Found Reroihew's Antique Armour Boutique.
  4003 | D:6      | Noticed an ice beast
  4014 | D:6      | Noticed an ice beast
  4021 | D:6      | Killed an ice beast
  4022 | D:6      | Reached XP level 7. HP: 34/39 MP: 7/10
  4137 | D:6      | Found a shadowy altar of Dithmenos.
  4137 | D:6      | Found a basalt altar of Yredelemnul.
  4137 | D:6      | Found a shimmering blue altar of Sif Muna.
  4176 | D:6      | Reached *** piety under Okawaru
  4189 | D:6      | HP: 1/35 [wight/+3 long sword of freezing (9)]
  4288 | D:6      | Reached skill level 7 in Dodging
  4589 | D:7      | Found Yterph's Antique Armour Shop.
  4960 | D:7      | Reached skill level 1 in Long Blades
  4988 | D:7      | Found a snail-covered altar of Cheibriados.
  5007 | D:7      | Reached XP level 8. HP: 17/44 MP: 11/11
  5234 | D:7      | Found Juny's Jewellery Emporium.
  5390 | D:7      | Killed from afar by an orc priest

Illustrated notes

Levels and vault maps discovered:
D:1:      elethiomel_arrival_quiet, layout_basic, minmay_tripent
D:2:      layout_rooms, basic_altar
D:3:      layout_basic
D:4:      layout_basic, serial_shops, nicolae_shop_bloodbath_and_beyond,
          eino_tiny_chamber, minivault_19, minmay_misc_feat_enclosed,
          roderic_lattice_a
D:5:      layout_basic, temple_green, serial_shops, shop, shop, shop,
          nicolae_shop_tiny_waterfront, nicolae_eternal_life
D:6:      layout_cave_pools, chequers_temple_overflow_statue_of_worship,
          gup_sewer_entry_bowl, uniq_jeremiah
D:7:      minmay_blocky_corners, layout_loops_corners, old_standard_altar,
          serial_shops, nicolae_shop_trees, shop
Temple:   nicolae_temple_superstar

Skill      XL: |  1  2  3  4  5  6  7  8 |
---------------+-------------------------+-----
Fighting       | 3 4 5 6 |  6.1
Dodging        | 5 6 7 |  7.7
Invocations    | 1 2 3 4 |  4.1
Long Blades    | 1 2 |  2.3
Short Blades   | |  3.2

Action                     |  1- 3 |  4- 6 |  7- 9 || total
---------------------------+-------+-------+-------++-------
  Melee: Short sword       |    94 |   228 |    48 ||   370
         Punch             |       |     2 |     3 ||     5
         Long sword        |       |       |    53 ||    53
 Invoke: Heroism           |       |     1 |     3 ||     4
  Evoke: Wand              |       |       |     1 ||     1
    Use: Scroll            |       |     6 |     1 ||     7
         Potion            |       |       |     1 ||     1
   Stab: Sleeping          |     1 |     8 |     2 ||    11
 Armour: Robe              |    22 |    51 |    25 ||    98
  Dodge: Dodged            |    91 |   128 |    90 ||   309

Table legend: (Time is in decaauts)
 A = Elapsed time spent in this place.
 B = Non-inter-level travel time spent in this place.
 C = Inter-level travel time spent in this place.
 D = Time resting spent in this place.
 E = Time spent auto-exploring this place.
 F = Levels seen in this place.
 G = Mean time per level.
                   A        B        C        D        E       F      G
               +--------+--------+--------+--------+--------+-----+--------+
         Total |   3853 |   3720 |    133 |    277 |   2436 |   8 |  481.6 |
       Dungeon |   3838 |   3708 |    130 |    277 |   2431 |   7 |  548.3 |
        Temple |     14 |     11 |      3 |      0 |      5 |   1 |   14.0 |
               +--------+--------+--------+--------+--------+-----+--------+

Top non-repeatable levels by time:
     D:5: 773 daAuts
     D:4: 700 daAuts
     D:7: 607 daAuts
     D:1: 597 daAuts
     D:6: 462 daAuts
     D:3: 351 daAuts
     D:2: 345 daAuts
  Temple: 14 daAuts
